 Dungeon Crawl Stone Soup version 0.20-a0-386-g2d247ea (webtiles) character file.

284 TheGoonsmith the Scratcher (level 6, -1/28 HPs)
             Began as a Felid Berserker on Dec 29, 2016.
             Was an Elder of Trog.
             Slain by a bullfrog skeleton (7 damage)
             ... on level 4 of the Dungeon.
             The game lasted 00:05:36 (3461 turns).

TheGoonsmith the Scratcher (Felid Berserker)        Turns: 3461, Time: 00:05:36

Health: -1/28      AC:  2    Str: 13    XL:     6   Next: 7%
Magic:  7/7        EV: 21    Int:  9    God:    Trog [****..]
Gold:   204        SH:  0    Dex: 17    Spells: 5/5 levels left
                                        Lives:  0   Deaths: 1

rFire  . . .     SeeInvis +       - Unarmed
rCold  . . .     Gourm    .     (armour unavailable)
rNeg   . . .     Faith    .     (shield unavailable)
rPois  .         Spirit   .     (helmet unavailable)
rElec  .         Reflect  .     (cloak unavailable)
rCorr  .         Harm     .     (gloves unavailable)
MR     .....                    (boots unavailable)
Stlth  +++.......               (no amulet)
                                (no ring)
                                (no ring)

@: quick
A: no armour, no weapons or thrown items, stealth, claws 1, fangs 3, see
invisible, carnivore 3, speed 1, shaggy fur 2, slow metabolism 1, sharp paws
a: Berserk, Trog's Hand, Brothers in Arms, Burn Spellbooks, Renounce Religion


You were on level 4 of the Dungeon.
You worshipped Trog.
Trog was greatly pleased with you.
You were completely stuffed.

You visited 1 branch of the dungeon, and saw 4 of its levels.

You collected 204 gold pieces.

Inventory:

Jewellery
 i - an uncursed ring of fire {unknown}
 l - an uncursed ring of poison resistance {unknown}
 n - a +3 ring of evasion {unknown}
 y - a cursed -2 ring of strength {unknown}
Scrolls
 c - 2 scrolls of identify {unknown}
 d - 2 scrolls of magic mapping {unknown}
 f - a scroll of amnesia {unknown}
 g - a scroll of fog {unknown}
 p - 3 scrolls of enchant weapon {unknown}
 q - 2 scrolls of remove curse {unknown}
 r - 2 scrolls of fear {unknown}
 s - a scroll of teleportation {unknown}
 u - a scroll of blinking {unknown}
 v - a scroll of immolation {unknown}
Potions
 e - a potion of lignification {unknown}
 h - a potion of magic {unknown}
 j - a potion of resistance {unknown}
 k - a potion of agility {unknown}
 o - a potion of curing {unknown}
 t - a potion of beneficial mutation {unknown}
 w - a potion of haste {unknown}
Comestibles
 a - a meat ration
 b - 2 beef jerkies
 m - a slice of pizza
 x - 3 chunks of flesh


   Skills:
 + Level 4.2 Fighting
 + Level 5.3 Dodging
 + Level 4.0 Stealth
 * Level 5.7 Unarmed Combat


You had 5 spell levels left.
You didn't know any spells.

Dungeon Overview and Level Annotations

Branches:
Dungeon (4/15)             Temple (0/1) D:4

Altars:
The Shining One


Innate Abilities, Weirdness & Mutations

You cannot wear armour.
You are incapable of wielding weapons or throwing items.
Your paws allow you to move quietly. (Stealth)
You have sharp claws.
You have razor-sharp teeth.
You have supernaturally acute eyesight. (SInv)
You are carnivorous and can eat meat at any time.
You cover ground quickly.
You are covered in thick fur. (AC +2)
You have a slow metabolism.
Your sharp claws are effective at attacking unaware monsters.


Message History

The bullfrog skeleton hits you.
You are too injured to fight recklessly!
You are too injured to fight recklessly!
You are too injured to fight recklessly!
You are too injured to fight recklessly!
You barely miss the bullfrog skeleton. You claw the bullfrog skeleton.
The bullfrog skeleton is lightly damaged.
The bullfrog skeleton hits you.
* * * LOW HITPOINT WARNING * * *
You barely miss the bullfrog skeleton.
The bullfrog skeleton is lightly damaged.
The bullfrog skeleton barely misses you.
You scratch the bullfrog skeleton. Your bite misses the bullfrog skeleton.
The bullfrog skeleton is lightly damaged.
The bullfrog skeleton completely misses you.
You scratch the bullfrog skeleton. Your claw misses the bullfrog skeleton.
You bite the bullfrog skeleton.
The bullfrog skeleton is heavily damaged.
The bullfrog skeleton hits you!
You die...

##### #. ># .
..... ####.#.# .#
###. ##....... ..#
#....... #..
#.........#
#......#.#
#.....Z.# ##.##@#
# #.....# #
#.$##.# # #..##.#
# ######รท.##?# #
#.......##.# #
###..#######.#
#####............#
......#..#########


You could see a bullfrog skeleton.

Vanquished Creatures
  The ghost of Jraekied the Skirmisher, an amateur DsSk of Ashenzari (D:3)
  A scorpion (D:4)
  A crimson imp (D:2)
  A jelly (D:4)
  Terence (D:2)
  A howler monkey skeleton (D:4)
  Robin (D:4)
  2 adders (D:3)
  A white imp (D:4)
  A worm (D:3)
  A dart slug (D:3)
  2 leopard geckos
  11 orcs
  A ball python (D:1)
  9 bats
  7 giant cockroaches
  11 goblins
  11 hobgoblins
  2 jackals (D:4)
  2 quokkas (D:4)
  5 frilled lizards
  2 goblin skeletons (D:4)
  A goblin zombie (D:4)
  2 hobgoblin zombies (D:4)
  2 kobolds
  2 kobold skeletons (D:4)
  2 orc skeletons (D:4)
  An orc zombie (D:4)
  41 rats
126 creatures vanquished.

Notes
Turn   | Place    | Note
-------+----------+-------------------------------------------
     0 | D:1      | TheGoonsmith the Felid Berserker began the quest for the Orb.
     0 | D:1      | Reached XP level 1. HP: 10/10 MP: 2/2
   335 | D:1      | Reached XP level 2. HP: 14/14 MP: 3/3
   669 | D:1      | Reached skill level 1 in Stealth
   980 | D:2      | Reached ** piety under Trog
  1088 | D:2      | Noticed Terence
  1104 | D:2      | Killed Terence
  1104 | D:2      | Reached XP level 3. HP: 17/17 MP: 4/4
  1755 | D:2      | Reached XP level 4. HP: 10/21 MP: 5/5
  2331 | D:3      | Reached *** piety under Trog
  2443 | D:3      | Noticed Jraekied's ghost (amateur DsSk)
  2459 | D:3      | Killed Jraekied's ghost
  2459 | D:3      | Reached skill level 5 in Dodging
  2459 | D:3      | Reached skill level 5 in Unarmed Combat
  2459 | D:3      | Reached XP level 5. HP: 25/25 MP: 6/6
  2459 | D:3      | Gained mutation: You are covered in thick fur. (AC +2) [Felid growth]
  2459 | D:3      | Reached XP level 6. HP: 28/28 MP: 7/7
  2864 | D:4      | Found a glowing golden altar of the Shining One.
  3075 | D:4      | Slain by an ogre
  3076 | D:4      | Reached XP level 5. HP: -4/25 MP: 6/6
  3078 | D:4      | Noticed Robin
  3328 | D:4      | Killed Robin
  3328 | D:4      | Reached **** piety under Trog
  3391 | D:4      | Found a staircase to the Ecumenical Temple.
  3457 | D:4      | Reached XP level 6. HP: 16/28 MP: 7/7
  3461 | D:4      | Slain by a bullfrog skeleton

Vault maps used:
D:1:      dpeg_arrival_rooms_c, minmay_misc_feat_encased, minmay_tripent
D:2:      uniq_terence
D:3:      first_bread, minmay_rats_cheesy_pizza
D:4:      nicolae_tso_besieged_by_evil, uniq_robin

Skill      XL: |  1  2  3  4  5 |
---------------+----------------+-----
Stealth        | 1 2 3 4 |  4.0
Unarmed Combat | 4 5 |  5.7
Fighting       | 4 |  4.2
Dodging        | 5 |  5.3

Action                   |  1- 3 |  4- 6 || total
-------------------------+-------+-------++-------
Melee: Unarmed           |    92 |   210 ||   302
       Bite              |    11 |    20 ||    31
       Punch             |       |     4 ||     4
Invok: Berserk           |     1 |     3 ||     4
       Trog's Hand       |     1 |     1 ||     2
 Stab: Sleeping          |     7 |     8 ||    15
  Eat: Chunk             |     9 |    12 ||    21
Armor: Skin              |     4 |     7 ||    11
Dodge: Dodged            |    47 |   138 ||   185
